[Event "Titled Tuesday Blitz August 08 Early 2023"]
[White "Burmakin, Vladimir"]
[Black "Vasques, Antonio Pedro Freixial"]
[WhiteFideId "4105109"]
[BlackFideId "1908332"]
[WhiteElo "2517"]
[BlackElo "2321"]
[Result "1-0"]
[Round "2"]
[TimeControl "180+1"]
[Date "2023.08.08"]
[WhiteClock "0:00:58"]
[BlackClock "0:00:02"]
[Board "195"]

1. c4 b6 2. Nf3 Bb7 3. d4 e6 4. Nc3 Nf6 5. Bf4 Bb4 6. Rc1 O-O 7. e3 c5 8. dxc5 Bxc5 9. Bd3 d5 10. O-O dxc4 11. Bxc4 Qxd1 12. Rfxd1 Nc6 13. a3 Rfd8 14. Nb5 a6 15. Nc7 Rxd1+ 16. Rxd1 Rc8 17. Nxa6 Be7 18. Bb5 Nd5 19. Bg3 Na7 20. Bf1 Rc2 21. b4 Nc3 22. Ra1 Ne2+ 23. Bxe2 Rxe2 24. Nc7 g5 25. Nd4 Rb2 26. Ndb5 Nc6 27. Rd1 h5 28. h3 h4 29. Bd6 Ra2 30. Bxe7 Nxe7 31. Rd7 Nd5 32. Nxe6 fxe6 33. Rxb7 Nf6 34. Rxb6 Ne4 35. Rxe6 Ra1+ 36. Kh2 Nxf2 37. g4 Nd3 38. Rf6 Ra2+ 39. Kg1 Re2 40. Rf5 Rxe3 41. Rxg5+ Kf7 42. a4 Kf6 43. Rf5+ Ke6 44. a5 Nxb4 45. Nd4+ Kd6 46. Rb5 Nd5 47. Nf5+ Ke5 48. Nxe3 1-0


[Site "https://www.chess.com"]

[Event "Titled Tuesday Blitz August 08 Early 2023"]
[White "Sidletskyi, Ivan"]
[Black "Dong Khanh Linh"]
[WhiteFideId "14156024"]
[BlackFideId "12403040"]
[WhiteElo "2516"]
[BlackElo "2320"]
[Result "1-0"]
[Round "2"]
[TimeControl "180+1"]
[Date "2023.08.08"]
[WhiteClock "0:00:07"]
[BlackClock "0:00:03"]
[Board "196"]

1. e4 e6 2. d4 d5 3. Nd2 c5 4. Ngf3 cxd4 5. Nxd4 Nf6 6. exd5 Qxd5 7. N2f3 Bc5 8. Bf4 O-O 9. Be2 a6 10. O-O b5 11. Nb3 Qf5 12. Qd2 Bb6 13. Bd3 Qd5 14. Rad1 Bb7 15. Qe2 Qh5 16. Ne5 Qh4 17. Bg3 Qg5 18. h4 Qh6 19. c3 Nc6 20. Nxc6 Bxc6 21. Nd4 Bd5 22. f4 Rad8 23. Bf2 Qxf4 24. Nxe6 Bxe6 25. Bxb6 Qg3 26. Bxd8 Bg4 27. Qf2 Qxf2+ 28. Rxf2 Bxd1 29. Bxf6 gxf6 30. Rxf6 Rd8 31. Be4 a5 32. Rb6 Be2 33. Rb7 Rd1+ 34. Kf2 Bc4 35. Ke3 Re1+ 36. Kf4 Re2 37. Bf3 Rxb2 38. a3 Rb3 39. Kg5 Rxc3 40. Kf6 h6 41. Rb8+ Kh7 42. Be4# 1-0


[Site "https://www.chess.com"]

[Event "Titled Tuesday Blitz August 08 Early 2023"]
[White "Mazibuko, Khanya"]
[Black "Shishkov, Andrei"]
[WhiteFideId "14321041"]
[BlackFideId "4500563"]
[WhiteElo "2320"]
[BlackElo "2510"]
[Result "1-0"]
[Round "2"]
[TimeControl "180+1"]
[Date "2023.08.08"]
[WhiteClock "0:00:06"]
[BlackClock "0:00:00"]
[Board "197"]

1. e4 d5 2. exd5 Nf6 3. Nf3 Nxd5 4. d4 Bg4 5. c4 Nb6 6. c5 N6d7 7. Qb3 Bxf3 8. Qxf3 Nc6 9. Be3 e5 10. Bc4 Qf6 11. Qxf6 gxf6 12. d5 Nb4 13. Bb3 Nxc5 14. O-O Nxb3 15. axb3 Nxd5 16. Bxa7 b6 17. Rd1 Nb4 18. Nc3 Nc2 19. Ra4 Nd4 20. Nd5 Nb5 21. Bxb6 Rxa4 22. bxa4 cxb6 23. axb5 Bc5 24. Nxf6+ Ke7 25. Ne4 Rc8 26. Kf1 f5 27. Nc3 Ke6 28. Ke2 Bd4 29. Rc1 Rc5 30. f3 Bxc3 31. bxc3 Rxb5 32. Rc2 Rc5 33. Kd3 b5 34. Rb2 Kd5 35. Rb4 h5 36. Rh4 Rc4 37. Rxh5 Ke6 38. Rh6+ Kd5 39. Rb6 Kc5 40. Rf6 e4+ 41. fxe4 fxe4+ 42. Kd2 Ra4 43. Rg6 Ra2+ 44. Ke3 Kc4 45. Rc6+ Kd5 46. Rg6 Rc2 47. Rg5+ Kc4 48. Kxe4 Rxc3 49. h4 b4 50. Rg8 Kb3 51. h5 Rc4+ 52. Kd5 Rh4 53. g4 Kc3 54. Rc8+ Kb3 55. Rc4 1-0


[Site "https://www.chess.com"]

[Event "Titled Tuesday Blitz August 08 Early 2023"]
[White "Tikhonov, Viacheslav"]
[Black "Pavlidou, Ekaterini"]
[WhiteFideId "44196407"]
[BlackFideId "4213262"]
[WhiteElo "2510"]
[BlackElo "2320"]
[Result "1-0"]
[Round "2"]
[TimeControl "180+1"]
[Date "2023.08.08"]
[WhiteClock "0:00:15"]
[BlackClock "0:01:09"]
[Board "198"]

1. d4 Nf6 2. c4 e6 3. Nf3 b6 4. g3 Bb7 5. Bg2 c5 6. d5 exd5 7. Nh4 Na6 8. Nc3 g6 9. Bg5 Be7 10. Bh6 Ng4 11. Bf4 g5 12. e3 h5 13. Nf5 gxf4 14. O-O fxe3 15. fxe3 Bf6 16. Nd6+ Kf8 17. Nxb7 Qc7 18. Nxd5 Qxb7 19. Nxf6 Qxg2+ 20. Kxg2 Nxe3+ 21. Kg1 Nxd1 22. Raxd1 Nb8 23. Rde1 Nc6 24. Nxd7+ Kg7 25. Nf6 Rh6 26. Nd5 Re6 27. Rxe6 fxe6 28. Nc7 e5 29. Nxa8 Nd4 30. Rf2 e4 31. Nc7 e3 32. Rf1 e2 33. Re1 Nf3+ 34. Kf2 Nxe1 35. Kxe1 Kf6 36. Kxe2 Ke5 37. Ke3 Kd6 38. Nb5+ Ke5 39. Nxa7 Kd6 40. Nb5+ Ke5 41. h3 Kf5 42. Kf3 Kg5 43. g4 hxg4+ 44. hxg4 Kg6 45. a3 Kg5 46. b4 Kg6 47. bxc5 bxc5 48. a4 1-0


[Site "https://www.chess.com"]

[Event "Titled Tuesday Blitz August 08 Early 2023"]
[White "reevecanada"]
[Black "Kaminski, Victor"]
[BlackFideId "1131630"]
[WhiteElo "2509"]
[BlackElo "2319"]
[Result "1-0"]
[Round "2"]
[TimeControl "180+1"]
[Date "2023.08.08"]
[WhiteClock "0:01:58"]
[BlackClock "0:00:00"]
[Board "199"]

1. e4 e5 2. Nf3 Nc6 3. d4 exd4 4. Nxd4 Nf6 5. Nxc6 bxc6 6. Nd2 Bc5 7. Be2 O-O 8. e5 Nd5 9. Nb3 Bb6 10. c4 Re8 11. cxd5 Rxe5 12. O-O cxd5 13. Bf3 c6 14. Bf4 Re8 15. Qd3 a5 16. Rfe1 Ba6 17. Qc3 a4 18. Nc5 Bb5 19. Nb7 Qh4 20. Bg3 Qh6 21. Nd6 Rxe1+ 22. Rxe1 Ba6 23. Qe5 Qg6 24. Qe8+ 1-0


[Site "https://www.chess.com"]

[Event "Titled Tuesday Blitz August 08 Early 2023"]
[White "Ivanova, Karina"]
[Black "Nemec, Jachym"]
[WhiteFideId "24139750"]
[BlackFideId "23716525"]
[WhiteElo "2313"]
[BlackElo "2508"]
[Result "1/2-1/2"]
[Round "2"]
[TimeControl "180+1"]
[Date "2023.08.08"]
[WhiteClock "0:00:10"]
[BlackClock "0:00:11"]
[Board "200"]

1. d4 Nf6 2. Nf3 d5 3. c4 c6 4. Nc3 e6 5. e3 Nbd7 6. Qc2 Bd6 7. b3 O-O 8. Be2 e5 9. cxd5 cxd5 10. dxe5 Nxe5 11. Bb2 a6 12. O-O Be6 13. Rac1 Rc8 14. Qd2 Nc6 15. Rfd1 Bb8 16. Nd4 Re8 17. Bf3 Ne5 18. Be2 h5 19. Nxe6 fxe6 20. e4 dxe4 21. Qg5 Qa5 22. h4 Rc5 23. Qe3 Ba7 24. Nxe4 Rxc1 25. Nxf6+ gxf6 26. Qxc1 Rd8 27. Rxd8+ Qxd8 28. Bxe5 fxe5 29. Qg5+ Qxg5 30. hxg5 h4 31. Bh5 Kg7 32. Kf1 Bb6 33. Ke2 Bd8 34. Kf3 Bxg5 35. Kg4 Kf6 36. Be8 b6 37. f3 a5 38. a4 1/2-1/2


[Site "https://www.chess.com"]

[Event "Titled Tuesday Blitz August 08 Early 2023"]
[White "Sala, Giulia"]
[Black "Tomb, Maroun"]
[WhiteFideId "2840451"]
[BlackFideId "5300398"]
[WhiteElo "2310"]
[BlackElo "2508"]
[Result "1-0"]
[Round "2"]
[TimeControl "180+1"]
[Date "2023.08.08"]
[WhiteClock "0:00:27"]
[BlackClock "0:00:00"]
[Board "201"]

1. e4 c5 2. Nf3 d6 3. Bb5+ Bd7 4. Bxd7+ Nxd7 5. O-O g6 6. c3 Bg7 7. Re1 Ngf6 8. d4 O-O 9. Bg5 b6 10. Nbd2 Qc7 11. Nf1 e6 12. Qd2 Rfe8 13. Rad1 cxd4 14. cxd4 d5 15. Ng3 dxe4 16. Nxe4 Nxe4 17. Rxe4 Nf6 18. Bxf6 Bxf6 19. Rc1 Qd6 20. Ne5 Rad8 21. Qf4 Bxe5 22. dxe5 Qd5 23. h4 h5 24. Rc7 Rd7 25. Rxd7 Qxd7 26. Rd4 Qc7 27. Rc4 Qe7 28. g3 Rd8 29. Qc1 Qd7 30. Rc7 Qa4 31. Qg5 Qd1+ 32. Kh2 a5 33. Rxf7 Kxf7 34. Qf6+ Ke8 35. Qxe6+ Kf8 36. Qf6+ Ke8 37. e6 Rc8 38. Qf7+ Kd8 39. e7+ Kc7 40. e8=Q+ Kb8 41. Qe5+ Ka8 42. Qfd5+ 1-0


[Site "https://www.chess.com"]

[Event "Titled Tuesday Blitz August 08 Early 2023"]
[White "Malka, Samuel"]
[Black "Wimalasuriya, Kasun M."]
[WhiteFideId "20643675"]
[BlackFideId "9906789"]
[WhiteElo "2508"]
[BlackElo "2309"]
[Result "1-0"]
[Round "2"]
[TimeControl "180+1"]
[Date "2023.08.08"]
[WhiteClock "0:00:32"]
[BlackClock "0:00:02"]
[Board "202"]

1. c4 Nf6 2. Nf3 c5 3. e3 Nc6 4. d4 cxd4 5. exd4 d5 6. Nc3 g6 7. cxd5 Nxd5 8. Bc4 Nb6 9. Bb5 Bd7 10. d5 Na5 11. Qd4 f6 12. Bd3 Rc8 13. O-O Bg7 14. Re1 O-O 15. h4 Re8 16. h5 g5 17. h6 Bxh6 18. Qe4 f5 19. Qe5 Bg7 20. Qg3 h6 21. Nxg5 Rxc3 22. bxc3 hxg5 23. Bxg5 Rf8 24. d6 Rf7 25. Rxe7 Rxe7 26. dxe7 Qe8 27. Rd1 Nc6 28. Bxf5 Bxf5 29. Bf6 Bg6 30. Rd8 Bxf6 31. Qxg6+ 1-0


[Site "https://www.chess.com"]

[Event "Titled Tuesday Blitz August 08 Early 2023"]
[White "Vyatkin, Dmitry"]
[Black "Goswami, Vedant"]
[WhiteFideId "4171900"]
[BlackFideId "5003725"]
[WhiteElo "2507"]
[BlackElo "2309"]
[Result "1-0"]
[Round "2"]
[TimeControl "180+1"]
[Date "2023.08.08"]
[WhiteClock "0:00:22"]
[BlackClock "0:00:15"]
[Board "203"]

1. d4 Nf6 2. c4 e6 3. g3 Bb4+ 4. Bd2 Be7 5. Nf3 d5 6. Bg2 O-O 7. O-O Nbd7 8. Qc2 c6 9. Bf4 Nh5 10. Be3 Nhf6 11. Rd1 a5 12. Nbd2 a4 13. Rac1 Qa5 14. Bg5 h6 15. Bxf6 Nxf6 16. e4 dxe4 17. Nxe4 a3 18. b3 Rd8 19. Ne5 Bd7 20. Nxf6+ Bxf6 21. c5 Be8 22. Nc4 Qb4 23. Qe4 Be7 24. h4 Rab8 25. Bf1 Rd5 26. Nb6 Rdd8 27. Rc4 Qa5 28. Bd3 g6 29. b4 Qa7 30. h5 Bf6 31. hxg6 fxg6 32. Qxe6+ Kg7 33. d5 Bf7 34. Qg4 cxd5 35. Rf4 Rf8 36. Rxf6 Kxf6 37. Qd4+ Ke7 38. Re1+ Kd8 39. Qf6+ Kc7 40. Qd6# 1-0


[Site "https://www.chess.com"]

[Event "Titled Tuesday Blitz August 08 Early 2023"]
[White "Zaksaite, Salomeja"]
[Black "Mattheii"]
[WhiteFideId "12801496"]
[WhiteElo "2308"]
[BlackElo "2506"]
[Result "0-1"]
[Round "2"]
[TimeControl "180+1"]
[Date "2023.08.08"]
[WhiteClock "0:00:00"]
[BlackClock "0:00:20"]
[Board "204"]

1. e4 c5 2. Nf3 Nc6 3. Bb5 g6 4. O-O Bg7 5. Re1 e5 6. Bxc6 dxc6 7. d3 Qe7 8. a3 a5 9. a4 Nf6 10. Na3 Nd7 11. Nc4 O-O 12. h3 Rd8 13. Nh2 b6 14. Rf1 Ba6 15. b3 Bxc4 16. bxc4 Nf8 17. Rb1 Rab8 18. f4 exf4 19. Bxf4 Rb7 20. Ng4 Ne6 21. Bd2 Nd4 22. Nh6+ Bxh6 23. Bxh6 b5 24. Qd2 Qd7 25. cxb5 cxb5 26. Qxa5 Nxc2 27. axb5 Nb4 28. Kh2 Rxb5 29. Qa1 Qd6+ 30. e5 Qd4 31. Qa4 Rb7 32. Bg5 Qxe5+ 33. Bf4 Qe6 34. Qa5 Rbd7 35. Qxc5 Nxd3 36. Qb5 Nxf4 37. Rxf4 Qd6 38. Rf1 Re8 39. Kh1 Rde7 40. Qb2 Qe6 41. Qf2 Rf8 42. Qf3 Qe5 43. Qf2 Qg7 44. Qf3 h5 45. Qf2 Rfe8 46. Qf3 Rf8 47. h4 Qe5 48. Qf2 Qe3 49. Qxe3 Rxe3 50. Kh2 Re5 51. g3 Kg7 52. R1f2 Re7 53. Kh3 Rc8 54. Kg2 Rc1 55. Kh2 Rce1 56. Kg2 R1e2 57. Rxf7+ Rxf7 58. Rxe2 Ra7 59. Kh3 Ra3 60. Kg2 Ra4 61. Kf3 Kf6 62. Re4 Ra3+ 63. Re3 Ra1 64. Re4 Kf5 65. Rf4+ Ke5 66. Kg2 Ra2+ 67. Kh3 Ra3 68. Rf8 Ra1 69. Rf7 Rh1+ 70. Kg2 Ra1 71. Rf8 Ke6 72. Rf4 Ra2+ 73. Kh3 Ra5 74. Rf3 Re5 75. Rf4 Re3 76. Kg2 Ke7 77. Kf2 Ra3 78. Rf3 Ra2+ 79. Ke3 Ke6 80. Kf4 Ra4+ 81. Ke3 Rg4 82. Kf2 Ke5 83. Kg2 Ra4 84. Rf8 Ra2+ 0-1


[Site "https://www.chess.com"]

[Event "Titled Tuesday Blitz August 08 Early 2023"]
[White "Gavilan Diaz, Mario"]
[Black "Stangl, Anita, Dr."]
[WhiteFideId "2260905"]
[BlackFideId "4608801"]
[WhiteElo "2503"]
[BlackElo "2307"]
[Result "1-0"]
[Round "2"]
[TimeControl "180+1"]
[Date "2023.08.08"]
[WhiteClock "0:00:24"]
[BlackClock "0:00:00"]
[Board "205"]

1. d4 e6 2. c4 d5 3. Nc3 c6 4. e4 dxe4 5. Nxe4 Bb4+ 6. Bd2 Qxd4 7. Bxb4 Qxe4+ 8. Be2 Nf6 9. Nf3 a5 10. Ba3 b6 11. Qd6 c5 12. Qxb6 Nbd7 13. Qd6 Ra6 14. Qd2 O-O 15. O-O Rb6 16. Rfe1 Qa8 17. Bd3 Bb7 18. Qf4 Bxf3 19. Qxf3 Qxf3 20. gxf3 Nh5 21. Rad1 Ndf6 22. b3 Rc8 23. Re5 Nf4 24. Rxc5 Rxc5 25. Bxc5 Rc6 26. Be3 N6h5 27. Be4 Rc8 28. c5 f5 29. Bb7 Rc7 30. c6 Nd5 31. Bd4 Kf7 32. Be5 Re7 33. Rc1 Nc7 34. Bd6 Nf6 35. Bxe7 Kxe7 36. Rc5 a4 37. b4 Nfd5 38. Ra5 Nc3 39. a3 Kd6 40. Rc5 N3b5 41. Kf1 Nxa3 42. Ra5 Nc2 43. Rxa4 Kd5 44. Ke2 Kc4 45. Kd2 1-0


[Site "https://www.chess.com"]

[Event "Titled Tuesday Blitz August 08 Early 2023"]
[White "Alahakoon, Isuru"]
[Black "Shubenkova, Veronika"]
[WhiteFideId "9900993"]
[BlackFideId "44124040"]
[WhiteElo "2306"]
[BlackElo "2503"]
[Result "0-1"]
[Round "2"]
[TimeControl "180+1"]
[Date "2023.08.08"]
[WhiteClock "0:00:00"]
[BlackClock "0:00:31"]
[Board "206"]

1. Nf3 d5 2. e3 e6 3. c4 Nf6 4. b3 Be7 5. Bb2 O-O 6. Nc3 b6 7. cxd5 exd5 8. d4 Bb7 9. g3 Nbd7 10. Bg2 Re8 11. O-O c6 12. Ne5 Nxe5 13. dxe5 Nd7 14. f4 Bc5 15. Qf3 Nf8 16. Kh1 a5 17. Rad1 Qc7 18. Ne2 Ba6 19. f5 Rxe5 20. Bxe5 Qxe5 21. Qg4 Qxe3 22. f6 Ng6 23. Bf3 gxf6 24. h4 f5 25. Qxf5 Rf8 26. h5 Bxe2 27. Bxe2 Qxe2 28. hxg6 hxg6 29. Qf3 Qxa2 30. Rde1 Qb2 31. Re8 Qh8+ 32. Kg2 Qb2+ 33. Kh1 Qg7 34. Rxf8+ Bxf8 35. Kg2 f5 36. Qe2 Qf6 37. Re1 Kg7 38. Qe6 b5 0-1


[Site "https://www.chess.com"]

[Event "Titled Tuesday Blitz August 08 Early 2023"]
[White "Garakov, Mikhael"]
[Black "amanjazu"]
[WhiteFideId "4169034"]
[WhiteElo "2503"]
[BlackElo "2305"]
[Result "0-1"]
[Round "2"]
[TimeControl "180+1"]
[Date "2023.08.08"]
[WhiteClock "0:00:45"]
[BlackClock "0:00:11"]
[Board "207"]

1. e4 d5 2. exd5 Nf6 3. d4 Bg4 4. f3 Bf5 5. c4 c6 6. dxc6 Nxc6 7. Be3 e5 8. d5 Nb4 9. Na3 Be7 10. g4 Nxg4 11. fxg4 Bh4+ 12. Kd2 Nxd5 13. gxf5 Nxe3+ 14. Kxe3 Qg5+ 15. Ke2 Qg4+ 16. Kd3 O-O-O+ 17. Kc2 Rxd1 18. Rxd1 Qe4+ 19. Bd3 Qxh1 20. Ne2 Qxh2 21. Nb5 e4 22. Nd6+ Qxd6 23. Bxe4 Qe5 24. Bd3 Bf6 25. Nc3 Qh2+ 26. Kb3 Bxc3 27. Kxc3 Rd8 28. f6 Qe5+ 29. Kb3 gxf6 0-1


[Site "https://www.chess.com"]

[Event "Titled Tuesday Blitz August 08 Early 2023"]
[White "NicolaiMaxime"]
[Black "Ziatdinov, Raset"]
[BlackFideId "2015323"]
[WhiteElo "2503"]
[BlackElo "2304"]
[Result "0-1"]
[Round "2"]
[TimeControl "180+1"]
[Date "2023.08.08"]
[WhiteClock "0:00:48"]
[BlackClock "0:01:08"]
[Board "208"]

1. e4 e6 2. b3 d5 3. Bb2 c5 4. Nc3 Nf6 5. Qe2 Be7 6. exd5 exd5 7. O-O-O Nc6 8. h3 O-O 9. g4 d4 10. Ne4 Nd5 11. Qf3 Qa5 12. Kb1 Be6 13. Bc4 Ndb4 14. a3 Nd5 15. Ne2 Ne5 16. Qg2 Nxc4 17. bxc4 Nb6 18. d3 Na4 19. Nc1 b5 20. Nb3 Qb6 21. cxb5 Nxb2 22. Kxb2 Qxb5 23. f4 a5 24. f5 Bxb3 25. cxb3 a4 26. Qc2 Rfb8 27. Nd2 axb3 28. Qc4 Qa5 29. Nb1 Rb4 30. axb4 Qa2+ 31. Kc1 Bg5+ 32. Rd2 Bxd2+ 33. Nxd2 b2+ 34. Kd1 b1=Q+ 35. Nxb1 Qxb1+ 36. Ke2 Qxh1 37. bxc5 Qg2+ 38. Kd1 Ra1+ 0-1


[Site "https://www.chess.com"]

[Event "Titled Tuesday Blitz August 08 Early 2023"]
[White "Fajdetic, Hrvoje"]
[Black "ATM622"]
[WhiteFideId "14501945"]
[WhiteElo "2302"]
[BlackElo "2502"]
[Result "0-1"]
[Round "2"]
[TimeControl "180+1"]
[Date "2023.08.08"]
[WhiteClock "0:00:02"]
[BlackClock "0:00:01"]
[Board "209"]

1. d4 Nf6 2. Bf4 e6 3. e3 d5 4. Nf3 c5 5. Nc3 c4 6. a4 Bb4 7. Nd2 Bxc3 8. bxc3 Qa5 9. Ra3 O-O 10. Be2 Rd8 11. O-O b5 12. Qa1 b4 13. cxb4 Qxb4 14. c3 Qe7 15. Rb1 Nc6 16. Bf3 Ba6 17. Ra2 e5 18. Bg5 h6 19. Bh4 Rab8 20. Rab2 Rxb2 21. Rxb2 exd4 22. exd4 Nxd4 23. cxd4 c3 24. Rc2 cxd2 25. Rxd2 g5 26. Bg3 Ne4 27. Bxe4 Qxe4 28. h3 h5 29. Qc1 Rc8 30. Qd1 h4 31. Be5 Qg6 32. Qg4 f5 33. Qf3 Rd8 34. Rb2 Bc8 35. Rb8 g4 36. Qb3 gxh3 37. Rxc8 Qxg2# 0-1


[Site "https://www.chess.com"]

[Event "Titled Tuesday Blitz August 08 Early 2023"]
[White "Perske, Thore"]
[Black "LuxLinster"]
[WhiteFideId "12902195"]
[WhiteElo "2500"]
[BlackElo "2301"]
[Result "1-0"]
[Round "2"]
[TimeControl "180+1"]
[Date "2023.08.08"]
[WhiteClock "0:00:38"]
[BlackClock "0:00:16"]
[Board "210"]

1. d4 Nf6 2. g3 e6 3. Bg2 d5 4. Nf3 Be7 5. O-O c5 6. c4 cxd4 7. Nxd4 Nc6 8. Nc3 O-O 9. cxd5 exd5 10. h3 Re8 11. Be3 Bd6 12. Bg5 Be5 13. Nf3 Bxc3 14. bxc3 Be6 15. Nd4 h6 16. Be3 Na5 17. Rb1 Qd7 18. Kh2 Nc4 19. Bf4 Rac8 20. Qb3 b6 21. Rfd1 Ne4 22. Nxe6 Qxe6 23. Kg1 g5 24. Bc1 Nxf2 25. Kxf2 Qxe2+ 26. Kg1 Na5 27. Qxd5 Rcd8 28. Qxd8 Rxd8 29. Rxd8+ Kg7 30. Rd2 Qe1+ 31. Kh2 Nc4 32. Rd4 Na3 33. Bxa3 Qxb1 34. Rd7 Qxa2 35. Rxa7 h5 36. Bf8+ 1-0


[Site "https://www.chess.com"]

[Event "Titled Tuesday Blitz August 08 Early 2023"]
[White "UgarteCesar"]
[Black "Droin, Augustin"]
[BlackFideId "45105987"]
[WhiteElo "2298"]
[BlackElo "2499"]
[Result "0-1"]
[Round "2"]
[TimeControl "180+1"]
[Date "2023.08.08"]
[WhiteClock "0:00:02"]
[BlackClock "0:01:07"]
[Board "211"]

1. d4 Nf6 2. c4 e6 3. Nf3 d5 4. Bg5 h6 5. Bxf6 Qxf6 6. e3 Bb4+ 7. Nc3 c6 8. Qb3 a5 9. a3 Be7 10. Bd3 g5 11. h3 Nd7 12. O-O h5 13. e4 g4 14. Ne5 gxh3 15. Rfe1 hxg2 16. Kxg2 Nxe5 17. dxe5 Rg8+ 18. Kf1 Qf3 19. Qd1 Qh3+ 20. Ke2 Rg2 21. Rh1 Qg4+ 22. Kf1 Bc5 23. Qxg4 Rxf2+ 24. Ke1 hxg4 25. exd5 exd5 26. cxd5 g3 27. Ne4 Rh2 28. Rf1 g2 29. Nxc5 gxf1=Q+ 30. Bxf1 cxd5 31. Bb5+ Ke7 32. Rd1 Be6 33. Nxb7 Rg8 34. Bf1 Rg1 35. Nxa5 Bh3 36. Nc6+ Kf8 0-1


[Site "https://www.chess.com"]

[Event "Titled Tuesday Blitz August 08 Early 2023"]
[White "Willy, Stephen"]
[Black "Fernandez Siles, Luis"]
[WhiteFideId "30981468"]
[BlackFideId "2209420"]
[WhiteElo "2497"]
[BlackElo "2294"]
[Result "1-0"]
[Round "2"]
[TimeControl "180+1"]
[Date "2023.08.08"]
[WhiteClock "0:00:35"]
[BlackClock "0:00:00"]
[Board "212"]

1. e4 c5 2. c3 Nf6 3. e5 Nd5 4. Nf3 Nc6 5. Bc4 Nb6 6. Bb3 d6 7. exd6 Qxd6 8. O-O e6 9. d4 cxd4 10. Na3 a6 11. cxd4 Be7 12. Be3 O-O 13. Bc2 Bf6 14. h4 Nb4 15. Be4 N4d5 16. Ng5 Bxg5 17. Bxg5 h6 18. Bd2 f5 19. Bf3 Bd7 20. Re1 Rac8 21. Rc1 Rxc1 22. Qxc1 Rc8 23. Qd1 Nc4 24. Nxc4 Rxc4 25. Bc1 Bc6 26. b3 Rc3 27. Bb2 Qf4 28. Bxd5 1-0


[Site "https://www.chess.com"]

[Event "Titled Tuesday Blitz August 08 Early 2023"]
[White "Makhmudov, Shukhrat"]
[Black "Kanyamarala, Tarun"]
[WhiteFideId "14200775"]
[BlackFideId "45004714"]
[WhiteElo "2294"]
[BlackElo "2496"]
[Result "0-1"]
[Round "2"]
[TimeControl "180+1"]
[Date "2023.08.08"]
[WhiteClock "0:00:30"]
[BlackClock "0:00:05"]
[Board "213"]

1. e4 c5 2. Nf3 Nf6 3. Nc3 d6 4. g3 g6 5. Bg2 Bg7 6. O-O Nc6 7. d3 O-O 8. h3 Rb8 9. Re1 Ne8 10. Rb1 Nc7 11. Bg5 h6 12. Be3 Nd4 13. Qd2 Kh7 14. Nh2 b5 15. f4 f5 16. Ne2 Nxe2+ 17. Qxe2 b4 18. Qd2 Nb5 19. Nf3 Be6 20. Nh4 Bxa2 21. exf5 gxf5 22. Nxf5 Rxf5 23. Be4 e6 24. g4 d5 25. Bxf5+ exf5 26. Ra1 b3 27. c3 d4 28. cxd4 Nxd4 29. Rf1 Qd5 30. Qg2 Qe6 31. Bxd4 Bxd4+ 32. Kh2 Qf6 33. g5 hxg5 34. fxg5 Qe5+ 35. Kh1 Bxb2 36. Rae1 Qg7 37. Re6 Qb7 38. Rc6 Bg7 39. Qd5 b2 40. Qxf5+ Kh8 41. g6 Qxc6+ 42. Kh2 Qd6+ 43. Rf4 Qe5 44. Qg4 Bh6 45. g7+ Qxg7 46. Qf5 Bxf4+ 47. Qxf4 Rf8 48. Qh4+ Kg8 0-1


[Site "https://www.chess.com"]

[Event "Titled Tuesday Blitz August 08 Early 2023"]
[White "Doluhanova, Evgeniya"]
[Black "marik_spb"]
[WhiteFideId "14112035"]
[WhiteElo "2288"]
[BlackElo "2495"]
[Result "1-0"]
[Round "2"]
[TimeControl "180+1"]
[Date "2023.08.08"]
[WhiteClock "0:00:07"]
[BlackClock "0:00:00"]
[Board "214"]

1. Nf3 Nf6 2. g3 g6 3. Bg2 Bg7 4. O-O O-O 5. c4 d5 6. cxd5 Nxd5 7. Nc3 c5 8. d4 Nxc3 9. bxc3 Nc6 10. Ba3 cxd4 11. cxd4 Nxd4 12. Nxd4 Qxd4 13. Qxd4 Bxd4 14. Rab1 Bb6 15. Bxe7 Re8 16. Bf6 Rxe2 17. a4 Bf5 18. Rbc1 Be4 19. Bh3 Bc6 20. Rc4 Rae8 21. Bg2 R8e6 22. Bc3 f5 23. a5 Bd8 24. Rd1 Bf6 25. Bxf6 Rxf6 26. Bxc6 Rxc6 27. Rd8+ Kf7 28. Rxc6 bxc6 29. Rc8 Kf6 30. Rxc6+ Kg5 31. Rc7 a6 32. Kg2 Ra2 33. Rc5 h5 34. h4+ Kf6 35. Rc6+ Ke5 36. Rxa6 f4 37. Rxg6 fxg3 38. Kxg3 Kf5 39. Rg5+ Ke4 40. f3+ Ke3 41. Rxh5 Ra1 42. Re5+ Kd4 43. Rf5 Rg1+ 44. Kf4 Ra1 45. Kg4 Rh1 46. Kh5 Rg1 47. Rg5 Rf1 48. a6 Rxf3 49. Ra5 Rf8 50. a7 Ra8 51. Kg6 Kc4 52. Kg7 Kb4 53. Ra1 Kb5 54. h5 Kb6 55. h6 Kb7 56. h7 Rc8 57. a8=Q+ Rxa8 58. Rxa8 1-0


[Site "https://www.chess.com"]

[Event "Titled Tuesday Blitz August 08 Early 2023"]
[White "Ocido, Michael"]
[Black "rionelG"]
[WhiteFideId "115201920"]
[WhiteElo "2495"]
[BlackElo "2288"]
[Result "0-1"]
[Round "2"]
[TimeControl "180+1"]
[Date "2023.08.08"]
[WhiteClock "0:00:00"]
[BlackClock "0:00:06"]
[Board "215"]

1. d4 Nf6 2. c4 g6 3. Nf3 Bg7 4. Nc3 O-O 5. g3 d6 6. Bg2 Nc6 7. O-O a6 8. d5 Na5 9. Nd2 c5 10. Qc2 Rb8 11. b3 b5 12. Bb2 bxc4 13. bxc4 Bh6 14. e3 Bf5 15. Nce4 Nxe4 16. Nxe4 Rxb2 17. Qxb2 Nxc4 18. Qe2 Ne5 19. Qxa6 Bg7 20. a4 c4 21. a5 Nd3 22. Qxc4 Bxa1 23. Rxa1 Bxe4 24. Bxe4 Nc5 25. Bg2 Qc7 26. a6 Ra8 27. Bf1 Qb6 28. Qa2 Ra7 29. Rb1 Qd8 30. h4 Qa8 31. Rb6 h5 32. Rc6 Qb8 33. Qa5 Qb1 34. Qb6 Qxb6 35. Rxb6 Kf8 36. Bb5 Kg7 37. f4 Kf6 38. Kg2 Kg7 39. Kf3 f5 40. Ke2 Kf6 41. Kd1 Ne4 42. Rb7 Nc3+ 43. Kc2 Nxb5 44. Rxb5 Rxa6 45. Kd3 Ra2 46. e4 Ra3+ 47. Kd4 fxe4 48. Kxe4 Rxg3 49. Rb1 Rh3 50. Rf1 Rxh4 0-1


[Site "https://www.chess.com"]

[Event "Titled Tuesday Blitz August 08 Early 2023"]
[White "Szente Varga, Fruzsina"]
[Black "Koutlas, Nikolaos"]
[WhiteFideId "712264"]
[BlackFideId "25827138"]
[WhiteElo "2287"]
[BlackElo "2494"]
[Result "0-1"]
[Round "2"]
[TimeControl "180+1"]
[Date "2023.08.08"]
[WhiteClock "0:00:00"]
[BlackClock "0:00:05"]
[Board "216"]

1. e4 e6 2. d4 c5 3. Nf3 d5 4. exd5 exd5 5. Bb5+ Nc6 6. O-O Nf6 7. Re1+ Be7 8. Bxc6+ bxc6 9. Qe2 Ne4 10. Nc3 Nxc3 11. bxc3 Be6 12. Ba3 Qa5 13. Bxc5 Bxc5 14. dxc5 Qxc5 15. Nd4 O-O 16. Nxe6 fxe6 17. Qxe6+ Kh8 18. Qe3 Qc4 19. Qd4 Rf4 20. Qxa7 Raf8 21. Re7 Qxc3 22. Rae1 c5 23. Re8 Rxf2 24. Rxf8+ Rxf8 25. Qe7 Qd4+ 26. Kh1 Qf4 27. h3 c4 28. Qc5 Qf5 29. a4 h6 30. a5 Rf6 31. Qb5 Rg6 32. a6 Qxc2 33. Rg1 Qa2 34. Qb8+ Kh7 35. a7 Ra6 36. Qe5 Qa5 37. Qf5+ Kg8 38. Qc8+ Kh7 39. Qf5+ Rg6 40. Qd7 c3 41. Qb7 Ra6 42. Qd7 Rxa7 43. Qf5+ g6 44. Qe5 Qc5 45. Rc1 c2 46. Rxc2 Qxc2 0-1


[Site "https://www.chess.com"]

[Event "Titled Tuesday Blitz August 08 Early 2023"]
[White "Afanasieva, Alexandra"]
[Black "Mortazavi, Ali"]
[WhiteFideId "34126926"]
[BlackFideId "401323"]
[WhiteElo "2286"]
[BlackElo "2493"]
[Result "0-1"]
[Round "2"]
[TimeControl "180+1"]
[Date "2023.08.08"]
[WhiteClock "0:00:16"]
[BlackClock "0:01:14"]
[Board "217"]

1. e4 c6 2. d4 d5 3. e5 Bf5 4. h4 c5 5. dxc5 Nc6 6. Bb5 Qc7 7. Nc3 e6 8. g4 Qxe5+ 9. Be3 Be4 10. f4 Qc7 11. Nxe4 dxe4 12. Ne2 Nf6 13. Nc3 h5 14. gxh5 Rd8 15. Qe2 Rxh5 16. Bf2 Bxc5 0-1


[Site "https://www.chess.com"]